 Dungeon Crawl Stone Soup version 0.28.0 (webtiles) character file.

Game seed: 6734558198374944716

2231 hito the Fighter (level 9, -5/78 HPs)
             Began as a Demonspawn Gladiator on Feb 10, 2022.
             Slain by a cyan ugly thing (17 damage)
             ... on level 7 of the Dungeon.
             The game lasted 00:15:08 (7031 turns).

hito the Fighter (Demonspawn Gladiator)             Turns: 7031, Time: 00:15:10

Health: -5/78      AC: 14    Str: 15    XL:     9   Next: 14%
Magic:  9/9        EV: 14    Int: 10    God:
Gold:   67         SH:  0    Dex: 18    Spells: 8/8 levels left

rFire   . . .      SeeInvis .   G - +0 glaive
rCold   + . .      Faith    .   (shield currently unavailable)
rNeg    . . .      Spirit   .   w - +1 ring mail {rC+}
rPois   +          Reflect  .   c - +0 helmet
rElec   .          Harm     .   F - +2 cloak {rPois}
rCorr   .          Rampage  .   (no gloves)
Will    .....                   B - +1 pair of boots {Fly}
Stlth   +.........              (no amulet)
HPRegen 0.23/turn               (no ring)
MPRegen 0.11/turn               (no ring)

@: mighty, flying
A: hooves 2, thin metallic scales 1, foul stench 1, spiny 1, augmentation 1
a: no special abilities


You were on level 7 of the Dungeon.
You visited 2 branches of the dungeon, and saw 8 of its levels.

You collected 352 gold pieces.
You spent 285 gold pieces at shops.

Inventory:

Hand Weapons
 a - a +0 trident
 x - a +4 hunting sling
 G - a +0 glaive (weapon)
Missiles
 d - 3 throwing nets (quivered)
 f - 331 stones
 h - 16 poisoned darts
Armour
 b - a +0 leather armour
 c - a +0 helmet (worn)
 w - a +1 ring mail of cold resistance (worn)
 B - a +1 pair of boots of flying (worn)
 F - a +2 cloak of poison resistance (worn)
Jewellery
 e - a ring of wizardry
 s - a ring of wizardry
 u - a ring of ice
 v - a ring of wizardry
 y - an amulet of reflection
 A - a ring of wizardry
Wands
 i - a wand of acid (9)
Scrolls
 g - a scroll of silence {unknown}
 l - 3 scrolls of magic mapping
 n - a scroll of blinking {unknown}
 q - 5 scrolls of teleportation
 r - 3 scrolls of vulnerability
 C - a scroll of enchant weapon {unknown}
 D - a scroll of enchant armour
 E - a scroll of fear {unknown}
Potions
 j - 3 potions of curing
 k - 2 potions of brilliance
 m - 2 potions of heal wounds
 o - 2 potions of might
 p - 2 potions of invisibility
 t - a potion of magic
 z - a potion of attraction


   Skills:
 + Level 10.0 Fighting
 - Level 2.6 Polearms
 - Level 1.7 Throwing
 + Level 7.2 Dodging


You had 8 spell levels left.
You didn't know any spells.
Your spell library contained the following spells:

 Spells                   Type           Power      Damage    Failure   Level
 Call Canine Familiar     Summ           0%         N/A       92%         3
 Inner Flame              Hex/Fire       0%         N/A       92%         3
 Portal Projectile        Hex/Tloc       0%         N/A       92%         3
 Tukima's Dance           Hex            0%         N/A       92%         3
 Anguish                  Hex/Necr       0%         N/A       100%        4
 Cause Fear               Hex            0%         N/A       100%        4
 Leda's Liquefaction      Hex/Erth       0%         N/A       100%        4
 Conjure Ball Lightning   Conj/Air       0%         3x3d6     100%        6
 Enfeeble                 Hex            0%         N/A       100%        7
 Discord                  Hex            0%         N/A       100%        8
 Disjunction              Tloc           0%         N/A       100%        8


Dungeon Overview and Level Annotations

Branches:
Dungeon (7/15)             Temple (1/1) D:5

Altars:
Cheibriados
Dithmenos
Fedhas
Gozag
Hepliaklqana
Ru
Sif Muna
Trog
Uskayaw
Vehumet
Wu Jian
Xom
Yredelemnul
Zin
The Shining One

Shops:
D:1 !   D:2 [   D:3 [

Annotations:
D:5 3 runed translucent doors, SirWffles's ghost, amateur DDNe


Innate Abilities, Weirdness & Mutations

You have hoof-like feet.
You are partially covered in thin metallic scales. (AC +2)
You may rarely emit foul miasma when damaged in melee.
You are partially covered in sharp spines.
Your magical and physical power is slightly enhanced at high health.


Message History

a +0 shortbow; 11 arrows; a centaur corpse Something hits you.
You see here a howler monkey corpse.
Something hits you but does no damage. Something hits you but does no damage.
Something barely misses you. Something hits you but does no damage.
Something barely misses you. Something hits you.
Something completely misses you. Something hits you.
Reactivating autopickup.
You feel a bit more experienced.
Your Fighting skill increases to level 10!
Your Dodging skill increases to level 7!
There is an open door here.
You reach down and close the door.
Something unseen opens the door.
Press: ? - help, v - describe, . - travel
Here: a cyan ugly thing The floor.
Okay, then.
You feel very mighty all of a sudden. The cyan ugly thing trunk-slaps you!
The cyan ugly thing shocks you!
You slash the cyan ugly thing!
The cyan ugly thing is lightly wounded.
The cyan ugly thing trunk-slaps you. The cyan ugly thing shocks you!
* * * LOW HITPOINT WARNING * * *
You feel much better. The cyan ugly thing closely misses you.
You barely miss the cyan ugly thing.
The cyan ugly thing is lightly wounded.
The cyan ugly thing trunk-slaps you. The cyan ugly thing shocks you!
* * * LOW HITPOINT WARNING * * *
The cyan ugly thing closely misses you.
You closely miss the cyan ugly thing.
The cyan ugly thing is lightly wounded.
The cyan ugly thing trunk-slaps you but does no damage.
The cyan ugly thing is struck by your spines.
The cyan ugly thing trunk-slaps you.
* * * LOW HITPOINT WARNING * * *
The cyan ugly thing shocks you!
You die...

......#......## #. #.
.....#.....## ###### #'###
#...#.....# ##.....
#....##...####.## ##..###.
#..............# #..## ##
#..............# #.## #.
#..............# #.# #.
#.........##..#####.######
....##..@###.#...#.....#.
.. #..u##..#.#.#####.#.
#.......#u#.u.#...#.
#.......#.###.#.###.
#...##..'.#..)..#.†.
#...##..###.#.###.#.
#...##..#.u.#...#.#.
#.####..#.#####.#.#. ..
#..#.....#...#.


You could see a cyan ugly thing.

Vanquished Creatures
  An unseen horror (D:7)
  Menkaure (D:4)
  An orc warrior (D:6)
  2 sky beasts
  A black bear (D:6)
  3 ice beasts
  A necrophage (D:5)
  2 centaurs (D:7)
  Blork the orc (D:5)
  A scorpion (D:5)
  A water moccasin skeleton (D:6)
  A howler monkey (D:7)
  2 hounds
  2 jellies
  An orc priest (D:5)
  Crazy Yiuf (D:6)
  2 centaur skeletons
  Jessica (D:2)
  5 iguanas
  Natasha (thrice) (D:3)
  An orc wizard (D:6)
  Robin (D:3)
  9 adders
  7 gnolls
  A shadow imp (D:5)
  An ufetubus (D:4)
  3 worms
  A dart slug (D:4)
  6 orcs
  5 endoplasms
  A giant cockroach (D:3)
  14 goblins
  14 hobgoblins
  7 jackals
  6 kobolds
  2 quokkas (D:2)
  7 ball pythons
  6 bats
  3 frilled lizards
  8 rats
136 creatures vanquished.

Notes
Turn   | Place    | Note
-------+----------+-------------------------------------------
     0 | D:1      | hito the Demonspawn Gladiator began the quest for the Orb.
     0 | D:1      | Reached XP level 1. HP: 16/16 MP: 1/1
   551 | D:1      | Gained mutation: You are partially covered in sharp spines.
                  | [demonic ancestry]
   551 | D:1      | Reached XP level 2. HP: 14/22 MP: 2/2
   824 | D:1      | Found a faded altar of an unknown god.
   860 | D:1      | Found Jameuvuho's Distillery.
   870 | D:1      | Bought a potion of heal wounds for 65 gold pieces
  1354 | D:2      | Reached XP level 3. HP: 23/28 MP: 3/3
  1530 | D:2      | Found a bloodstained altar of Trog.
  1543 | D:2      | Found Qaopp's Armour Boutique.
  1745 | D:2      | Noticed Jessica
  1769 | D:2      | Killed Jessica
  1770 | D:2      | Reached skill level 3 in Fighting
  1770 | D:2      | Gained mutation: You are partially covered in thin metallic
                  | scales. (AC +2) [demonic ancestry]
  1770 | D:2      | Reached XP level 4. HP: 26/35 MP: 4/4
  2111 | D:3      | Found a bloodstained altar of Trog.
  2192 | D:1      | Bought a potion of curing for 39 gold pieces
  2268 | D:3      | Found Dutro's Antique Armour Boutique.
  2366 | D:3      | Noticed Natasha
  2374 | D:3      | Killed Natasha
  2375 | D:3      | Gained mutation: You may rarely emit foul miasma when
                  | damaged in melee. [demonic ancestry]
  2375 | D:3      | Reached XP level 5. HP: 39/41 MP: 5/5
  2412 | D:3      | Noticed Natasha
  2417 | D:3      | Killed Natasha
  2578 | D:3      | Noticed Natasha
  2585 | D:3      | Killed Natasha
  2702 | D:3      | Reached skill level 5 in Dodging
  2717 | D:3      | Reached skill level 4 in Fighting
  2769 | D:4      | Noticed Robin
  2778 | D:3      | Killed Robin
  2779 | D:3      | Gained mutation: You have large cloven feet. [demonic
                  | ancestry]
  2779 | D:3      | Reached XP level 6. HP: 46/48 MP: 6/6
  2862 | D:4      | Noticed Menkaure
  2869 | D:4      | Killed Menkaure
  2870 | D:4      | Reached skill level 5 in Fighting
  3020 | D:4      | Found a shadowy altar of Dithmenos.
  3331 | D:4      | Reached skill level 6 in Fighting
  3331 | D:4      | Gained mutation: You have hoof-like feet. [demonic
                  | ancestry]
  3331 | D:4      | Reached XP level 7. HP: 58/58 MP: 7/7
  3666 | D:5      | Entered Level 5 of the Dungeon
  3666 | D:5      | Noticed SirWffles's ghost (amateur DDNe)
  3666 | D:5      | Found a runed translucent gate.
  3666 | D:5      | Found a runed translucent gate.
  3666 | D:5      | Found a runed translucent gate.
  3768 | D:5      | Found a shimmering altar of Xom.
  3924 | D:5      | Found a staircase to the Ecumenical Temple.
  3926 | D:5      | Noticed Blork the orc
  3939 | D:5      | Killed Blork the orc
  3940 | D:5      | Reached skill level 7 in Fighting
  3945 | Temple   | Entered the Ecumenical Temple
  4495 | D:2      | Bought a +1 pair of boots of flying for 181 gold pieces
  5431 | D:6      | Reached skill level 8 in Fighting
  5474 | D:6      | Reached XP level 8. HP: 45/69 MP: 8/8
  5692 | D:6      | Found a runed translucent door.
  5693 | D:6      | Noticed Crazy Yiuf
  5701 | D:6      | Killed Crazy Yiuf
  5795 | D:6      | Found a radiant altar of Vehumet.
  6482 | D:6      | Reached skill level 9 in Fighting
  6979 | D:7      | Gained mutation: Your magical and physical power is
                  | slightly enhanced at high health. [demonic ancestry]
  6979 | D:7      | Reached XP level 9. HP: 78/78 MP: 9/9
  6982 | D:7      | Noticed a cyan ugly thing
  7005 | D:7      | Killed an unseen horror
  7006 | D:7      | Reached skill level 10 in Fighting
  7031 | D:7      | Slain by a cyan ugly thing

Illustrated notes

Levels and vault maps discovered:
D:1:      sevenhm_arrival_forest_fort_large_1, layout_basic, serial_shops,
          nicolae_shop_waterfront, ebering_ecumenical_altar_webs
D:2:      layout_rooms, basic_altar, serial_shops, shop, minmay_split_cup_small,
          uniq_jessica
D:3:      layout_rooms, mainiacjoe_overflow_paths, serial_shops, shop_statue,
          corexii_corridor_pit, uniq_natasha
D:4:      layout_loops_cross, grunt_dithmenos_smoke, uniq_menkaure, uniq_robin
D:5:      layout_loops_ring, lemuel_doored_altar,
          minmay_temple_entry_proselytizer, gammafunk_ghost_necromancy,
          bh_walls_and_bars, uniq_blork_the_orc
D:6:      layout_basic, mainiacjoe_overflow_24_doors, st_stairs_7,
          uniq_crazy_yiuf_cottage
D:7:      minmay_the_grid_plus_closed [minmay_the_grid_paths,
          minmay_the_grid_odd_star, minmay_the_grid_spikes,
          minmay_the_grid_gridbox, minmay_the_grid_prize_shrinking_boxes],
          layout_gridville, nicolae_overflow_squiral, minmay_misc_feat_tower
Temple:   chequers_temple_sunken

Skill      XL: |  1  2  3  4  5  6  7  8  9 |
---------------+----------------------------+-----
Dodging        | 3 4 5 6 7 |  7.2
Fighting       | 3 4 6 8 9 10 | 10.0
Polearms       | |  2.6
Throwing       | |  1.7

Action                   |  1- 3 |  4- 6 |  7- 9 || total
-------------------------+-------+-------+-------++-------
Melee: Trident           |    88 |   128 |   137 ||   353
       Kick              |       |     6 |    11 ||    17
       Punch             |       |       |     4 ||     4
       Glaive            |       |       |    41 ||    41
  Use: Scroll            |       |       |    10 ||    10
       Potion            |       |       |     2 ||     2
 Stab: Sleeping          |       |     2 |       ||     2
Armor: Leather armour    |    16 |    17 |       ||    33
       Ring mail         |       |    10 |    90 ||   100
Dodge: Dodged            |    45 |    55 |   115 ||   215
